Map: Frostline LE

Players

UnderBob

  • Race: Terran Terran
  • League: Diamond
  • Spawn Location: 7:00

wootwoot - Winner!

  • Race: Zerg Zerg
  • League: Diamond
  • Spawn Location: 1:00

VOD

Have the link to the VOD?

Description

Time

  • Played on: April 2, 2025, 12:16 a.m.
  • Length: 4:35
Show
View Real Time Build Order
Export as new Build Order

UnderBob Terran 

Build Orders: Reaper Expand 

Get SALT Encoding   

  12  0:00  SCV  
  13  0:12  SCV  
  14  0:17  Supply Depot  
  14  0:24  SCV  
  15  0:39  SCV  
  15  0:41  Barracks  
  16  0:46  Refinery  
  16  0:51  SCV  
  17  1:03  SCV  
  18  1:15  SCV  
  19  1:31  Reaper  
  19  1:32  Orbital Command  
  20  1:36  Supply Depot  
  20  1:55  Command Center  
  20  2:00  SCV  
  20  2:08  Barracks  
  20  2:10  Marine  
  21  2:21  SCV  
  22  2:36  Barracks Reactor  
  21  2:39  SCV  
  21  2:44  Barracks Reactor  
  21  2:56  Barracks Tech Lab  
  21  3:00  SCV  
  21  3:03  Marine  
  22  3:10  Orbital Command  
  22  3:12  SCV  
  23  3:20  Marine  
  23  3:21  Marine x2  
  26  3:34  SCV  
  26  3:38  Marine  
  26  3:39  Marine x2  
  29  3:45  SCV  
  30  4:04  Barracks Tech Lab  
  30  4:07  Refinery  
  30  4:18  Factory  
  30  4:19  SCV  
Show
View Real Time Build Order
Export as new Build Order

wootwoot Zerg - Winner!

Build Orders: Pool First 

Get SALT Encoding   

  12  0:01  Drone  
  13  0:08  Drone  
  13  0:13  Extractor  
  13  0:28  Spawning Pool  
  12  0:32  Drone  
  13  0:36  Drone  
  14  0:48  Overlord  
  14  1:14  Metabolic Boost  
  14  1:15  Zergling x6  
  17  1:26  Zergling x2  
  18  1:41  Hatchery  
  17  1:48  Queen  
  17  1:53  Drone  
  20  1:59  Drone  
  21  2:03  Drone  
  22  2:11  Overlord  
  22  2:29  Queen  
  23  2:30  Drone  
  23  2:31  Drone  
  25  2:46  Zergling x2  
  25  2:56  Drone x2  
  27  3:03  Drone x2  
  29  3:11  Zergling x6  
  32  3:15  Baneling Nest  
  32  3:16  Zergling x2  
  32  3:18  Zergling x2  
  33  3:30  Zergling x4  
  35  3:36  Zergling x2  
  36  3:44  Overlord x2  
  35  3:59  Baneling  
  35  4:00  Baneling x4  
  36  4:02  Zergling x2  
  36  4:03  Zergling x10  
  41  4:11  Zergling x6  
Tags
 
Add a new tag
Caveats
  • Supply blocks, unpowered buildings, or Contaminate may cause inaccurate times.
  • Supply counts are checked every 10 seconds.